Penguins vs MapleLeafs

Created - October 9 2010 at 11:08

Goals
1 2 3 T
Penguins 1 1 0 2
MapleLeafs 0 2 1 3
Shots
1 2 3 T
Penguins 11 4 10 25
MapleLeafs 9 12 16 37

Period #1

1. Penguins , Brad Richards 1 (Pavel Datsyuk, Rob Blake) at 13:52 (PP)

Penalties :
Joffrey Lupul (TOR) for Interference (Minor) at 0:57, Pavel Kubina (PIT) for Hooking (Minor) at 3:41, Pascal Dupuis (PIT) for Hooking (Minor) at 7:08, Joffrey Lupul (TOR) for Roughing (Minor) at 7:57, Matt Greene (TOR) for Roughing (Minor) at 12:47

Period #2

2. Penguins , Pavel Datsyuk 1 (Marian Hossa, Rob Blake) at 0:22
3. MapleLeafs , Patrick Marleau 1 (Ian Laperriere, Drew Doughty) at 12:22 (PP)
4. MapleLeafs , Sam Gagner 1 (Vincent Lecavalier, Radek Martinek) at 16:09

Penalties :
Pascal Dupuis (PIT) for Holding (Minor) at 0:57, Rob Blake (PIT) for Tripping (Minor) at 5:51, Pavel Kubina (PIT) for Hooking (Minor) at 8:47, Martin Hanzal (PIT) for Roughing (Minor) at 10:47, John-Michael Liles (PIT) for Hooking (Minor) at 12:58

Period #3

5. MapleLeafs , Kyle Cumiskey 1 (Jason Arnott) at 16:20

Penalties :
Pavel Datsyuk (PIT) for High sticking (Minor) at 6:51, Drew Doughty (TOR) for Slashing (Minor) at 12:26

Goalie Stats

Marc-Andre Fleury (PIT), 34 saves from 37 shots - (0.919), L, 0-1-0, 59:22 minutes
Marty Turco (TOR), 23 saves from 25 shots - (0.920), W, 1-0-0, 60:00 minutes

Players Stats

Penguins
Player Name              G  A  P  +/- PIM S  H  SB FO    MP 
------------------------------------------------------------
Brad Richards            1  0  1  -1  0   5  0  0  8/18  15 
Brooks Orpik             0  0  0  -1  0   0  2  0  0/0   19 
Evgeni Malkin            0  0  0  -1  0   1  3  0  4/6   16 
Joel Ward                0  0  0  -1  0   2  2  0  0/1   15 
John Madden              0  0  0   0  0   1  2  2  6/18  18 
John Tavares             0  0  0   0  0   0  0  0  3/10  10 
John-Michael Liles       0  0  0   0  2   2  0  0  0/0   15 
Marian Hossa             0  1  1   0  0   6  0  0  2/3   19 
Mark Eaton               0  0  0   0  0   0  0  1  0/0   10 
Mark Parrish             0  0  0   0  0   0  0  0  0/1   10 
Martin Hanzal            0  0  0   0  2   0  4  0  8/11  10 
Pascal Dupuis            0  0  0   0  4   2  2  0  1/1   13 
Patrick Sharp            0  0  0  -1  0   1  1  0  0/0   17 
Pavel Datsyuk            1  1  2   1  2   2  0  0  9/17  24 
Pavel Kubina             0  0  0   0  4   2  4  3  0/0   23 
Rob Blake                0  2  2   0  2   0  2  3  0/0   20 
Sami Salo                0  0  0   0  0   1  0  1  0/0   15 
Zach Bogosian            0  0  0  -1  0   0  2  2  0/0   18 
MapleLeafs
Player Name              G  A  P  +/- PIM S  H  SB FO    MP 
------------------------------------------------------------
Claude Giroux            0  0  0   0  0   0  1  1  1/2   23 
Dan Hamhuis              0  0  0   0  0   1  2  2  0/0   23 
Drew Doughty             0  1  1   1  2   6  2  2  0/0   24 
Ian Laperriere           0  1  1   0  0   3  1  0  1/3   10 
Jason Arnott             0  1  1   0  0   4  0  0  13/23 18 
Joffrey Lupul            0  0  0   0  4   1  1  2  1/3   19 
Keith Tkachuk            0  0  0   0  0   0  3  0  0/0   4  
Kyle Cumiskey            1  0  1   0  0   5  0  0  0/0   20 
Luke Schenn              0  0  0   1  0   0  1  2  0/0   20 
Matt Greene              0  0  0  -1  2   1  1  4  0/0   16 
Mike Grier               0  0  0   1  0   1  1  0  0/0   12 
Mike Modano              0  0  0   0  0   2  0  0  3/8   12 
Nikolai Kulemin          0  0  0   0  0   1  1  1  0/0   7  
Patrick Marleau          1  0  1   0  0   7  1  0  3/3   23 
Radek Martinek           0  1  1   1  0   0  0  3  0/0   15 
Sam Gagner               1  0  1   1  0   3  1  0  4/9   22 
Vernon Fiddler           0  0  0   0  0   0  0  0  0/1   1  
Vincent Lecavalier       0  1  1   1  0   2  0  2  19/34 25 

3 Stars

1 - Sam Gagner (TOR)
2 - Pavel Datsyuk (PIT)
3 - Patrick Marleau (TOR)

Power Play

Penguins - 1 on 4 Attempt(s) - 25.00%
MapleLeafs - 1 on 8 Attempt(s) - 12.50%

Penalty Kill

Penguins - 7 on 8 Attempt(s) - 87.50% - Score 0 goal in Penalty Kill
MapleLeafs - 3 on 4 Attempt(s) - 75.00% - Score 0 goal in Penalty Kill

Game Notes

No Game Note

Finance

Level 1 -- Attendance: 6420 (98.77%) -- Ticket Income $513,600.00
Level 2 -- Attendance: 4923 (98.46%) -- Ticket Income $231,381.00
Level 3 -- Attendance: 3500 (100.00%) -- Ticket Income $98,000.00
Level 4 -- Attendance: 2819 (100.00%) -- Ticket Income $36,647.00
Luxury Box -- Attendance: 767 (76.70%) -- Ticket Income $153,400.00
Game was played at the Air Canada Center
Total Attendance: 18429 (97.93%)
Total Ticket Income: $1,078,809.00
Other Income: $171,615.30
Total Income: $1,250,424.00


Play by Play

Period #1

0:01 of 1st period - Vincent Lecavalier wins face-off versus Brad Richards in neutral zone.
0:07 of 1st period - Patrick Marleau is hit by Brooks Orpik.
0:14 of 1st period - Brooks Orpik is hit by Claude Giroux and loses puck.
0:24 of 1st period - Evgeni Malkin is hit by Dan Hamhuis and loses puck.
0:38 of 1st period - Icing by Drew Doughty.
0:39 of 1st period - John Tavares wins face-off versus Vincent Lecavalier in MapleLeafs zone.
0:44 of 1st period - Shot by Pavel Datsyuk.
0:44 of 1st period - Shot Misses the Net.
0:57 of 1st period - Minor Penalty to Joffrey Lupul for Interference.
0:58 of 1st period - Sam Gagner wins face-off versus Brad Richards in MapleLeafs zone.
1:21 of 1st period - Shot by Brad Richards.
1:21 of 1st period - Shot Blocked by Nikolai Kulemin.
1:23 of 1st period - Shot by Pavel Datsyuk.
1:23 of 1st period - Shot Misses the Net.
1:25 of 1st period - Shot by Pavel Datsyuk.
1:25 of 1st period - Stopped by Marty Turco without a rebound.
1:26 of 1st period - Ian Laperriere wins face-off versus Evgeni Malkin in MapleLeafs zone.
1:26 of 1st period - Ian Laperriere is hit by Evgeni Malkin.
2:24 of 1st period - Off-side.
2:25 of 1st period - Sam Gagner wins face-off versus Brad Richards in neutral zone.
2:37 of 1st period - Icing by Pavel Datsyuk.
2:38 of 1st period - Brad Richards wins face-off versus Sam Gagner in Penguins zone.
2:43 of 1st period - Shot by Brad Richards.
2:43 of 1st period - Shot Blocked by Radek Martinek.
3:03 of 1st period - Shot by Pascal Dupuis.
3:03 of 1st period - Shot Misses the Net.
3:17 of 1st period - Shot by John Madden.
3:17 of 1st period - Stopped by Marty Turco without a rebound.
3:18 of 1st period - Jason Arnott wins face-off versus Pavel Datsyuk in MapleLeafs zone.
3:22 of 1st period - Matt Greene is hit by Pavel Kubina and loses puck.
3:38 of 1st period - Icing by Pavel Kubina.
3:39 of 1st period - Vincent Lecavalier wins face-off versus Mark Parrish in Penguins zone.
3:41 of 1st period - Minor Penalty to Pavel Kubina for Hooking.
3:42 of 1st period - Vincent Lecavalier wins face-off versus John Madden in Penguins zone.
4:05 of 1st period - Shot by Drew Doughty.
4:05 of 1st period - Shot Misses the Net.
4:07 of 1st period - Shot by Drew Doughty.
4:07 of 1st period - Stopped by Marc-Andre Fleury without a rebound.
4:08 of 1st period - Jason Arnott wins face-off versus Pavel Datsyuk in Penguins zone.
4:17 of 1st period - Shot by Kyle Cumiskey.
4:17 of 1st period - Stopped by Marc-Andre Fleury without a rebound.
4:18 of 1st period - Pavel Datsyuk wins face-off versus Jason Arnott in Penguins zone.
4:42 of 1st period - Shot by Kyle Cumiskey.
4:42 of 1st period - Shot Hit the Post.
4:44 of 1st period - Shot by Luke Schenn.
4:44 of 1st period - Shot Misses the Net.
4:46 of 1st period - Shot by Luke Schenn.
4:46 of 1st period - Shot Hit the Post.
5:10 of 1st period - Shot by Vincent Lecavalier.
5:10 of 1st period - Shot Misses the Net.
5:12 of 1st period - Shot by Drew Doughty.
5:12 of 1st period - Shot Misses the Net.
5:16 of 1st period - Shot by Vincent Lecavalier.
5:16 of 1st period - Shot Blocked by Sami Salo.
5:20 of 1st period - Shot by Vincent Lecavalier.
5:20 of 1st period - Shot Misses the Net.
5:22 of 1st period - Shot by Patrick Marleau.
5:22 of 1st period - Shot Misses the Net.
5:26 of 1st period - Shot by Patrick Marleau.
5:26 of 1st period - Shot Misses the Net.
5:28 of 1st period - Shot by Dan Hamhuis.
5:28 of 1st period - Shot Blocked by Rob Blake.
5:32 of 1st period - Shot by Drew Doughty.
5:32 of 1st period - Shot Blocked by Rob Blake.
5:48 of 1st period - Shot by Mark Parrish.
5:48 of 1st period - Shot Misses the Net.
5:55 of 1st period - Icing by Luke Schenn.
5:56 of 1st period - Joffrey Lupul wins face-off versus Marian Hossa in MapleLeafs zone.
5:56 of 1st period - Joffrey Lupul is hit by Pascal Dupuis.
6:24 of 1st period - Shot by Marian Hossa.
6:24 of 1st period - Stopped by Marty Turco without a rebound.
6:25 of 1st period - Martin Hanzal wins face-off versus Sam Gagner in MapleLeafs zone.
6:36 of 1st period - Shot by Nikolai Kulemin.
6:36 of 1st period - Stopped by Marc-Andre Fleury without a rebound.
6:37 of 1st period - Vincent Lecavalier wins face-off versus Brad Richards in Penguins zone.
6:45 of 1st period - Off-side.
6:46 of 1st period - Sam Gagner wins face-off versus John Madden in neutral zone.
6:50 of 1st period - Kyle Cumiskey is hit by Zach Bogosian and loses puck.
7:05 of 1st period - Shot by Patrick Sharp.
7:05 of 1st period - Deflect By John Madden.
7:05 of 1st period - Shot Blocked by Matt Greene.
7:08 of 1st period - Minor Penalty to Pascal Dupuis for Hooking.
7:09 of 1st period - Pavel Datsyuk wins face-off versus Vincent Lecavalier in Penguins zone.
7:40 of 1st period - Shot by Patrick Marleau.
7:40 of 1st period - Shot Misses the Net.
7:50 of 1st period - Shot by Vincent Lecavalier.
7:50 of 1st period - Shot Misses the Net.
7:52 of 1st period - Shot by Dan Hamhuis.
7:52 of 1st period - Stopped by Marc-Andre Fleury with a rebound.
7:57 of 1st period - Minor Penalty to Joffrey Lupul for Roughing.
7:58 of 1st period - Evgeni Malkin wins face-off versus Jason Arnott in MapleLeafs zone.
8:01 of 1st period - Shot by Evgeni Malkin.
8:01 of 1st period - Stopped by Marty Turco with a rebound.
8:07 of 1st period - Shot by Evgeni Malkin.
8:07 of 1st period - Shot Blocked by Luke Schenn.
8:09 of 1st period - Shot by Pavel Kubina.
8:09 of 1st period - Stopped by Marty Turco without a rebound.
8:10 of 1st period - Brad Richards wins face-off versus Jason Arnott in MapleLeafs zone.
9:01 of 1st period - Shot by Marian Hossa.
9:01 of 1st period - Stopped by Marty Turco with a rebound.
9:19 of 1st period - Shot by John-Michael Liles.
9:19 of 1st period - Shot Misses the Net.
9:21 of 1st period - Shot by Marian Hossa.
9:21 of 1st period - Stopped by Marty Turco without a rebound.
9:22 of 1st period - Brad Richards wins face-off versus Ian Laperriere in MapleLeafs zone.
10:08 of 1st period - Zach Bogosian is hit by Dan Hamhuis and loses puck.
10:14 of 1st period - Off-side.
10:15 of 1st period - Martin Hanzal wins face-off versus Jason Arnott in neutral zone.
10:20 of 1st period - Icing by Sam Gagner.
10:21 of 1st period - Martin Hanzal wins face-off versus Jason Arnott in MapleLeafs zone.
10:45 of 1st period - Kyle Cumiskey is hit by Martin Hanzal and loses puck.
10:52 of 1st period - Pavel Kubina is hit by Sam Gagner and loses puck.
11:09 of 1st period - Shot by Claude Giroux.
11:09 of 1st period - Shot Misses the Net.
11:11 of 1st period - Shot by Patrick Marleau.
11:11 of 1st period - Stopped by Marc-Andre Fleury with a rebound.
11:15 of 1st period - Shot by Patrick Marleau.
11:15 of 1st period - Shot Misses the Net.
11:17 of 1st period - Shot by Patrick Marleau.
11:17 of 1st period - Stopped by Marc-Andre Fleury without a rebound.
11:18 of 1st period - John Madden wins face-off versus Mike Modano in Penguins zone.
11:42 of 1st period - Pascal Dupuis is hit by Luke Schenn and loses puck.
11:46 of 1st period - Icing by Radek Martinek.
11:47 of 1st period - Vincent Lecavalier wins face-off versus Brad Richards in MapleLeafs zone.
12:38 of 1st period - Shot by Patrick Marleau.
12:38 of 1st period - Shot Misses the Net.
12:47 of 1st period - Minor Penalty to Matt Greene for Roughing.
12:48 of 1st period - Pavel Datsyuk wins face-off versus Sam Gagner in MapleLeafs zone.
12:51 of 1st period - Shot by John-Michael Liles.
12:51 of 1st period - Stopped by Marty Turco without a rebound.
12:52 of 1st period - Pavel Datsyuk wins face-off versus Ian Laperriere in MapleLeafs zone.
12:53 of 1st period - Shot by Marian Hossa.
12:53 of 1st period - Shot Misses the Net.
12:55 of 1st period - Shot by John-Michael Liles.
12:55 of 1st period - Shot Misses the Net.
13:52 of 1st period - Shot by Brad Richards.
13:52 of 1st period - Goal by Brad Richards - Penguins : 1 - MapleLeafs : 0.
13:53 of 1st period - John Madden wins face-off versus Joffrey Lupul in neutral zone.
14:24 of 1st period - Shot by Patrick Sharp.
14:24 of 1st period - Stopped by Marty Turco with a rebound.
15:52 of 1st period - Icing by Patrick Sharp.
15:53 of 1st period - John Madden wins face-off versus Vincent Lecavalier in Penguins zone.
16:10 of 1st period - Shot by Claude Giroux.
16:10 of 1st period - Shot Misses the Net.
16:14 of 1st period - Shot by Patrick Marleau.
16:14 of 1st period - Stopped by Marc-Andre Fleury without a rebound.
16:15 of 1st period - Vincent Lecavalier wins face-off versus Brad Richards in Penguins zone.
16:28 of 1st period - Shot by Brad Richards.
16:28 of 1st period - Stopped by Marty Turco without a rebound.
16:29 of 1st period - Pavel Datsyuk wins face-off versus Mike Modano in MapleLeafs zone.
17:35 of 1st period - Shot by Vincent Lecavalier.
17:35 of 1st period - Stopped by Marc-Andre Fleury with a rebound.
17:39 of 1st period - Shot by Keith Tkachuk.
17:39 of 1st period - Shot Misses the Net.
17:41 of 1st period - Shot by Dan Hamhuis.
17:41 of 1st period - Shot Misses the Net.
17:58 of 1st period - Icing by Brooks Orpik.
17:59 of 1st period - Mike Modano wins face-off versus Brad Richards in Penguins zone.
18:02 of 1st period - Shot by Patrick Marleau.
18:02 of 1st period - Stopped by Marc-Andre Fleury without a rebound.
18:03 of 1st period - Mike Modano wins face-off versus John Madden in Penguins zone.
18:57 of 1st period - Dan Hamhuis is hit by Pavel Kubina and loses puck.
19:01 of 1st period - Icing by Mark Parrish.
19:02 of 1st period - Martin Hanzal wins face-off versus Vincent Lecavalier in Penguins zone.

Period #2

0:01 of 2nd period - Brad Richards wins face-off versus Vincent Lecavalier in neutral zone.
0:12 of 2nd period - Shot by Brad Richards.
0:12 of 2nd period - Stopped by Marty Turco without a rebound.
0:13 of 2nd period - Jason Arnott wins face-off versus John Tavares in MapleLeafs zone.
0:20 of 2nd period - Shot by Marian Hossa.
0:20 of 2nd period - Shot Misses the Net.
0:22 of 2nd period - Shot by Pavel Datsyuk.
0:22 of 2nd period - Goal by Pavel Datsyuk - Penguins : 2 - MapleLeafs : 0.
0:23 of 2nd period - Vincent Lecavalier wins face-off versus John Madden in neutral zone.
0:41 of 2nd period - Pascal Dupuis is hit by Drew Doughty and loses puck.
0:57 of 2nd period - Minor Penalty to Pascal Dupuis for Holding.
0:58 of 2nd period - Jason Arnott wins face-off versus Pavel Datsyuk in Penguins zone.
1:33 of 2nd period - Shot by Kyle Cumiskey.
1:33 of 2nd period - Shot Misses the Net.
1:35 of 2nd period - Shot by Jason Arnott.
1:35 of 2nd period - Shot Blocked by Rob Blake.
1:37 of 2nd period - Shot by Kyle Cumiskey.
1:37 of 2nd period - Deflect By Jason Arnott.
1:37 of 2nd period - Stopped by Marc-Andre Fleury without a rebound.
1:38 of 2nd period - Vincent Lecavalier wins face-off versus John Madden in Penguins zone.
2:49 of 2nd period - Shot by Jason Arnott.
2:49 of 2nd period - Stopped by Marc-Andre Fleury without a rebound.
2:50 of 2nd period - Vincent Lecavalier wins face-off versus Pavel Datsyuk in Penguins zone.
2:51 of 2nd period - Shot by Drew Doughty.
2:51 of 2nd period - Stopped by Marc-Andre Fleury without a rebound.
2:52 of 2nd period - Vincent Lecavalier wins face-off versus Pavel Datsyuk in Penguins zone.
2:55 of 2nd period - Shot by Patrick Marleau.
2:55 of 2nd period - Shot Misses the Net.
2:59 of 2nd period - Shot by Sam Gagner.
2:59 of 2nd period - Stopped by Marc-Andre Fleury without a rebound.
3:00 of 2nd period - Sam Gagner wins face-off versus John Madden in Penguins zone.
3:15 of 2nd period - Shot by Ian Laperriere.
3:15 of 2nd period - Stopped by Marc-Andre Fleury without a rebound.
3:16 of 2nd period - Martin Hanzal wins face-off versus Vincent Lecavalier in Penguins zone.
3:18 of 2nd period - Icing by Pavel Datsyuk.
3:19 of 2nd period - Martin Hanzal wins face-off versus Claude Giroux in Penguins zone.
3:24 of 2nd period - Pavel Datsyuk is hit by Patrick Marleau and loses puck.
3:51 of 2nd period - Shot by Pavel Datsyuk.
3:51 of 2nd period - Shot Misses the Net.
4:00 of 2nd period - Patrick Marleau is hit by Pavel Kubina and loses puck.
4:11 of 2nd period - Patrick Marleau is hit by Martin Hanzal and loses puck.
4:29 of 2nd period - Icing by John-Michael Liles.
4:30 of 2nd period - Mike Modano wins face-off versus John Madden in Penguins zone.
4:35 of 2nd period - Shot by Mike Grier.
4:35 of 2nd period - Shot Blocked by Zach Bogosian.
4:38 of 2nd period - Icing by Zach Bogosian.
4:39 of 2nd period - John Madden wins face-off versus Jason Arnott in Penguins zone.
4:39 of 2nd period - John Madden is hit by Joffrey Lupul.
4:47 of 2nd period - Jason Arnott is hit by Pascal Dupuis and loses puck.
5:24 of 2nd period - Mike Grier is hit by John Madden and loses puck.
5:36 of 2nd period - Patrick Marleau is hit by Zach Bogosian and loses puck.
5:43 of 2nd period - Shot by Patrick Marleau.
5:43 of 2nd period - Deflect By Mike Modano.
5:43 of 2nd period - Shot Misses the Net.
5:45 of 2nd period - Shot by Luke Schenn.
5:45 of 2nd period - Deflect By Patrick Marleau.
5:45 of 2nd period - Stopped by Marc-Andre Fleury without a rebound.
5:46 of 2nd period - Jason Arnott wins face-off versus John Tavares in Penguins zone.
5:46 of 2nd period - Jason Arnott is hit by Rob Blake.
5:51 of 2nd period - Minor Penalty to Rob Blake for Tripping.
5:52 of 2nd period - Pavel Datsyuk wins face-off versus Jason Arnott in Penguins zone.
6:44 of 2nd period - Shot by Drew Doughty.
6:44 of 2nd period - Stopped by Marc-Andre Fleury without a rebound.
6:45 of 2nd period - Vincent Lecavalier wins face-off versus Pavel Datsyuk in Penguins zone.
7:09 of 2nd period - Shot by Drew Doughty.
7:09 of 2nd period - Stopped by Marc-Andre Fleury without a rebound.
7:10 of 2nd period - Pavel Datsyuk wins face-off versus Jason Arnott in Penguins zone.
7:57 of 2nd period - Shot by Mike Modano.
7:57 of 2nd period - Shot Misses the Net.
7:59 of 2nd period - Shot by Mike Grier.
7:59 of 2nd period - Shot Misses the Net.
8:01 of 2nd period - Shot by Matt Greene.
8:01 of 2nd period - Shot Misses the Net.
8:05 of 2nd period - Shot by Mike Grier.
8:05 of 2nd period - Stopped by Marc-Andre Fleury without a rebound.
8:06 of 2nd period - Patrick Marleau wins face-off versus John Tavares in Penguins zone.
8:08 of 2nd period - Vincent Lecavalier is hit by Rob Blake and loses puck.
8:16 of 2nd period - Icing by Drew Doughty.
8:17 of 2nd period - John Madden wins face-off versus Vincent Lecavalier in MapleLeafs zone.
8:20 of 2nd period - Shot by Pascal Dupuis.
8:20 of 2nd period - Stopped by Marty Turco without a rebound.
8:21 of 2nd period - Martin Hanzal wins face-off versus Mike Modano in MapleLeafs zone.
8:26 of 2nd period - Shot by Pavel Kubina.
8:26 of 2nd period - Shot Misses the Net.
8:31 of 2nd period - Sam Gagner is hit by Martin Hanzal and loses puck.
8:47 of 2nd period - Minor Penalty to Pavel Kubina for Hooking.
8:48 of 2nd period - Claude Giroux wins face-off versus John Madden in Penguins zone.
9:13 of 2nd period - Shot by Dan Hamhuis.
9:13 of 2nd period - Shot Misses the Net.
10:09 of 2nd period - Shot by Joel Ward.
10:09 of 2nd period - Deflect By Evgeni Malkin.
10:09 of 2nd period - Shot Blocked by Radek Martinek.
10:11 of 2nd period - Shot by Joel Ward.
10:11 of 2nd period - Stopped by Marty Turco with a rebound.
10:13 of 2nd period - Shot by Joel Ward.
10:13 of 2nd period - Shot Misses the Net.
10:17 of 2nd period - Shot by Sami Salo.
10:17 of 2nd period - Shot Blocked by Radek Martinek.
10:47 of 2nd period - Minor Penalty to Martin Hanzal for Roughing.
10:48 of 2nd period - Pavel Datsyuk wins face-off versus Jason Arnott in Penguins zone.
10:48 of 2nd period - Marian Hossa is hit by Ian Laperriere and loses puck.
11:27 of 2nd period - John Madden is hit by Keith Tkachuk and loses puck.
12:22 of 2nd period - Shot by Patrick Marleau.
12:22 of 2nd period - Goal by Patrick Marleau - Penguins : 2 - MapleLeafs : 1.
12:23 of 2nd period - Evgeni Malkin wins face-off versus Mike Modano in neutral zone.
12:28 of 2nd period - Mike Grier is hit by Evgeni Malkin.
12:34 of 2nd period - Shot by Mike Modano.
12:34 of 2nd period - Shot Misses the Net.
12:54 of 2nd period - Mike Modano is hit by Patrick Sharp and loses puck.
12:58 of 2nd period - Minor Penalty to John-Michael Liles for Hooking.
12:59 of 2nd period - Vincent Lecavalier wins face-off versus Pavel Datsyuk in Penguins zone.
13:18 of 2nd period - Dan Hamhuis is hit by Joel Ward.
14:26 of 2nd period - Brad Richards is hit by Keith Tkachuk and loses puck.
14:45 of 2nd period - Marian Hossa is hit by Keith Tkachuk and loses puck.
15:04 of 2nd period - John Madden is hit by Nikolai Kulemin and loses puck.
15:25 of 2nd period - Icing by Patrick Marleau.
15:26 of 2nd period - Jason Arnott wins face-off versus Martin Hanzal in MapleLeafs zone.
15:26 of 2nd period - Jason Arnott is hit by Martin Hanzal.
15:44 of 2nd period - Shot by Sam Gagner.
15:44 of 2nd period - Stopped by Marc-Andre Fleury without a rebound.
15:45 of 2nd period - Brad Richards wins face-off versus Vincent Lecavalier in Penguins zone.
15:45 of 2nd period - Brad Richards is hit by Mike Grier.
16:09 of 2nd period - Shot by Sam Gagner.
16:09 of 2nd period - Goal by Sam Gagner - Penguins : 2 - MapleLeafs : 2.
16:10 of 2nd period - Vincent Lecavalier wins face-off versus Pavel Datsyuk in neutral zone.
16:27 of 2nd period - Shot by Vincent Lecavalier.
16:27 of 2nd period - Shot Misses the Net.
17:03 of 2nd period - Drew Doughty is hit by John Madden and loses puck.
17:22 of 2nd period - Shot by Patrick Sharp.
17:22 of 2nd period - Shot Misses the Net.
17:24 of 2nd period - Shot by John Madden.
17:24 of 2nd period - Shot Blocked by Dan Hamhuis.
17:35 of 2nd period - Drew Doughty is hit by Brooks Orpik and loses puck.
18:00 of 2nd period - Shot by Brad Richards.
18:00 of 2nd period - Shot Blocked by Joffrey Lupul.
18:04 of 2nd period - Shot by Evgeni Malkin.
18:04 of 2nd period - Shot Blocked by Joffrey Lupul.
18:06 of 2nd period - Shot by Brooks Orpik.
18:06 of 2nd period - Shot Blocked by Drew Doughty.
18:56 of 2nd period - Shot by Mike Grier.
18:56 of 2nd period - Shot Misses the Net.

Period #3

0:01 of 3rd period - Vincent Lecavalier wins face-off versus Joel Ward in neutral zone.
0:03 of 3rd period - Drew Doughty is hit by Pavel Kubina and loses puck.
0:14 of 3rd period - Shot by Brad Richards.
0:14 of 3rd period - Shot Blocked by Vincent Lecavalier.
0:16 of 3rd period - Shot by Brooks Orpik.
0:16 of 3rd period - Shot Blocked by Dan Hamhuis.
0:20 of 3rd period - Shot by Joel Ward.
0:20 of 3rd period - Stopped by Marty Turco without a rebound.
0:21 of 3rd period - John Tavares wins face-off versus Jason Arnott in MapleLeafs zone.
0:24 of 3rd period - Shot by Pavel Datsyuk.
0:24 of 3rd period - Shot Blocked by Matt Greene.
0:26 of 3rd period - Shot by Marian Hossa.
0:26 of 3rd period - Shot Misses the Net.
0:28 of 3rd period - Shot by John Tavares.
0:28 of 3rd period - Shot Misses the Net.
0:30 of 3rd period - Shot by Sami Salo.
0:30 of 3rd period - Stopped by Marty Turco with a rebound.
0:32 of 3rd period - Shot by Sami Salo.
0:32 of 3rd period - Shot Misses the Net.
1:00 of 3rd period - Shot by Pavel Datsyuk.
1:00 of 3rd period - Deflect By Marian Hossa.
1:00 of 3rd period - Stopped by Marty Turco with a rebound.
1:16 of 3rd period - Shot by Brad Richards.
1:16 of 3rd period - Shot Blocked by Matt Greene.
1:20 of 3rd period - Shot by Joel Ward.
1:20 of 3rd period - Shot Misses the Net.
1:30 of 3rd period - Shot by Brad Richards.
1:30 of 3rd period - Stopped by Marty Turco with a rebound.
1:34 of 3rd period - Shot by Brad Richards.
1:34 of 3rd period - Shot Misses the Net.
1:36 of 3rd period - Shot by Brad Richards.
1:36 of 3rd period - Stopped by Marty Turco without a rebound.
1:37 of 3rd period - John Madden wins face-off versus Vincent Lecavalier in MapleLeafs zone.
1:54 of 3rd period - Shot by Drew Doughty.
1:54 of 3rd period - Stopped by Marc-Andre Fleury with a rebound.
2:10 of 3rd period - Shot by Patrick Marleau.
2:10 of 3rd period - Stopped by Marc-Andre Fleury without a rebound.
2:11 of 3rd period - Patrick Marleau wins face-off versus Martin Hanzal in Penguins zone.
2:26 of 3rd period - Shot by Pavel Kubina.
2:26 of 3rd period - Shot Misses the Net.
2:28 of 3rd period - Shot by Mark Parrish.
2:28 of 3rd period - Shot Misses the Net.
2:30 of 3rd period - Shot by Mark Eaton.
2:30 of 3rd period - Shot Misses the Net.
2:46 of 3rd period - Shot by Pavel Kubina.
2:46 of 3rd period - Stopped by Marty Turco without a rebound.
2:47 of 3rd period - John Tavares wins face-off versus Vincent Lecavalier in MapleLeafs zone.
2:48 of 3rd period - Shot by Sami Salo.
2:48 of 3rd period - Deflect By Marian Hossa.
2:48 of 3rd period - Shot Misses the Net.
2:50 of 3rd period - Shot by Marian Hossa.
2:50 of 3rd period - Shot Blocked by Vincent Lecavalier.
2:52 of 3rd period - Shot by Rob Blake.
2:52 of 3rd period - Shot Blocked by Claude Giroux.
2:54 of 3rd period - Shot by Marian Hossa.
2:54 of 3rd period - Shot Misses the Net.
2:56 of 3rd period - Shot by Marian Hossa.
2:56 of 3rd period - Stopped by Marty Turco without a rebound.
2:57 of 3rd period - Pascal Dupuis wins face-off versus Sam Gagner in MapleLeafs zone.
2:57 of 3rd period - Patrick Sharp is hit by Matt Greene and loses puck.
3:04 of 3rd period - Shot by Ian Laperriere.
3:04 of 3rd period - Stopped by Marc-Andre Fleury with a rebound.
3:06 of 3rd period - Shot by Matt Greene.
3:06 of 3rd period - Stopped by Marc-Andre Fleury without a rebound.
3:07 of 3rd period - Brad Richards wins face-off versus Vincent Lecavalier in Penguins zone.
3:12 of 3rd period - Dan Hamhuis is hit by Joel Ward and loses puck.
3:53 of 3rd period - Icing by Drew Doughty.
3:54 of 3rd period - Patrick Marleau wins face-off versus John Madden in MapleLeafs zone.
4:07 of 3rd period - Shot by Sam Gagner.
4:07 of 3rd period - Shot Misses the Net.
4:15 of 3rd period - Shot by Patrick Sharp.
4:15 of 3rd period - Shot Misses the Net.
4:17 of 3rd period - Shot by Patrick Sharp.
4:17 of 3rd period - Shot Blocked by Luke Schenn.
4:21 of 3rd period - Shot by John-Michael Liles.
4:21 of 3rd period - Stopped by Marty Turco without a rebound.
4:22 of 3rd period - Marian Hossa wins face-off versus Joffrey Lupul in MapleLeafs zone.
4:29 of 3rd period - Shot by John Tavares.
4:29 of 3rd period - Shot Misses the Net.
4:33 of 3rd period - Shot by Marian Hossa.
4:33 of 3rd period - Shot Misses the Net.
4:35 of 3rd period - Shot by Marian Hossa.
4:35 of 3rd period - Shot Blocked by Matt Greene.
4:37 of 3rd period - Shot by Marian Hossa.
4:37 of 3rd period - Stopped by Marty Turco without a rebound.
4:38 of 3rd period - Martin Hanzal wins face-off versus Mike Modano in MapleLeafs zone.
5:06 of 3rd period - Shot by Pavel Datsyuk.
5:06 of 3rd period - Shot Misses the Net.
5:42 of 3rd period - Shot by Jason Arnott.
5:42 of 3rd period - Deflect By Vincent Lecavalier.
5:42 of 3rd period - Shot Blocked by John Madden.
5:44 of 3rd period - Shot by Kyle Cumiskey.
5:44 of 3rd period - Shot Blocked by Zach Bogosian.
6:51 of 3rd period - Minor Penalty to Pavel Datsyuk for High sticking.
6:52 of 3rd period - Marian Hossa wins face-off versus Vernon Fiddler in Penguins zone.
7:09 of 3rd period - Shot by Vernon Fiddler.
7:09 of 3rd period - Shot Blocked by Pavel Kubina.
7:25 of 3rd period - Shot by Luke Schenn.
7:25 of 3rd period - Shot Blocked by John Madden.
7:36 of 3rd period - Icing by Dan Hamhuis.
7:37 of 3rd period - Evgeni Malkin wins face-off versus Vincent Lecavalier in MapleLeafs zone.
7:54 of 3rd period - Shot by Vincent Lecavalier.
7:54 of 3rd period - Stopped by Marc-Andre Fleury without a rebound.
7:55 of 3rd period - Jason Arnott wins face-off versus Brad Richards in Penguins zone.
8:14 of 3rd period - Shot by Kyle Cumiskey.
8:14 of 3rd period - Shot Misses the Net.
8:18 of 3rd period - Shot by Jason Arnott.
8:18 of 3rd period - Deflect By Claude Giroux.
8:18 of 3rd period - Shot Hit the Post.
8:20 of 3rd period - Shot by Claude Giroux.
8:20 of 3rd period - Shot Misses the Net.
8:22 of 3rd period - Shot by Kyle Cumiskey.
8:22 of 3rd period - Stopped by Marc-Andre Fleury without a rebound.
8:23 of 3rd period - Vincent Lecavalier wins face-off versus John Madden in Penguins zone.
8:26 of 3rd period - Shot by Drew Doughty.
8:26 of 3rd period - Stopped by Marc-Andre Fleury without a rebound.
8:27 of 3rd period - Vincent Lecavalier wins face-off versus John Madden in Penguins zone.
9:01 of 3rd period - Shot by Mike Modano.
9:01 of 3rd period - Shot Misses the Net.
9:03 of 3rd period - Shot by Mike Modano.
9:03 of 3rd period - Shot Misses the Net.
9:05 of 3rd period - Shot by Radek Martinek.
9:05 of 3rd period - Shot Blocked by Mark Eaton.
9:07 of 3rd period - Shot by Luke Schenn.
9:07 of 3rd period - Shot Misses the Net.
9:11 of 3rd period - Shot by Mike Modano.
9:11 of 3rd period - Stopped by Marc-Andre Fleury with a rebound.
9:15 of 3rd period - Shot by Sam Gagner.
9:15 of 3rd period - Shot Blocked by Pavel Kubina.
9:19 of 3rd period - Shot by Sam Gagner.
9:19 of 3rd period - Shot Misses the Net.
9:21 of 3rd period - Shot by Mike Grier.
9:21 of 3rd period - Shot Misses the Net.
11:20 of 3rd period - Icing by Rob Blake.
11:21 of 3rd period - Jason Arnott wins face-off versus John Tavares in Penguins zone.
12:07 of 3rd period - Brad Richards is hit by Drew Doughty.
12:26 of 3rd period - Minor Penalty to Drew Doughty for Slashing.
12:27 of 3rd period - Brad Richards wins face-off versus Sam Gagner in MapleLeafs zone.
14:38 of 3rd period - Shot by Pascal Dupuis.
14:38 of 3rd period - Shot Misses the Net.
14:40 of 3rd period - Shot by Pascal Dupuis.
14:40 of 3rd period - Stopped by Marty Turco without a rebound.
14:41 of 3rd period - Vincent Lecavalier wins face-off versus Brad Richards in MapleLeafs zone.
14:50 of 3rd period - Icing by Joel Ward.
14:51 of 3rd period - Brad Richards wins face-off versus Vincent Lecavalier in Penguins zone.
14:59 of 3rd period - Icing by Dan Hamhuis.
15:00 of 3rd period - Vincent Lecavalier wins face-off versus Martin Hanzal in MapleLeafs zone.
15:17 of 3rd period - Shot by Mark Eaton.
15:17 of 3rd period - Shot Misses the Net.
15:21 of 3rd period - Shot by Mark Parrish.
15:21 of 3rd period - Shot Blocked by Drew Doughty.
15:52 of 3rd period - Shot by Jason Arnott.
15:52 of 3rd period - Shot Misses the Net.
15:54 of 3rd period - Shot by Jason Arnott.
15:54 of 3rd period - Stopped by Marc-Andre Fleury without a rebound.
15:55 of 3rd period - Jason Arnott wins face-off versus Brad Richards in Penguins zone.
16:14 of 3rd period - Shot by Joffrey Lupul.
16:14 of 3rd period - Shot Blocked by Pavel Kubina.
16:16 of 3rd period - Shot by Kyle Cumiskey.
16:16 of 3rd period - Shot Misses the Net.
16:18 of 3rd period - Shot by Kyle Cumiskey.
16:18 of 3rd period - Stopped by Marc-Andre Fleury without a rebound.
16:19 of 3rd period - Jason Arnott wins face-off versus John Tavares in Penguins zone.
16:20 of 3rd period - Shot by Kyle Cumiskey.
16:20 of 3rd period - Goal by Kyle Cumiskey - Penguins : 2 - MapleLeafs : 3.
16:21 of 3rd period - Jason Arnott wins face-off versus John Tavares in neutral zone.
17:22 of 3rd period - Icing by Luke Schenn.
17:23 of 3rd period - Pavel Datsyuk wins face-off versus Vincent Lecavalier in MapleLeafs zone.
17:56 of 3rd period - Shot by Mike Modano.
17:56 of 3rd period - Stopped by Marc-Andre Fleury with a rebound.
18:00 of 3rd period - Shot by Ian Laperriere.
18:00 of 3rd period - Stopped by Marc-Andre Fleury without a rebound.
18:01 of 3rd period - Jason Arnott wins face-off versus John Madden in Penguins zone.
18:02 of 3rd period - Shot by Joffrey Lupul.
18:02 of 3rd period - Stopped by Marc-Andre Fleury with a rebound.
18:06 of 3rd period - Shot by Jason Arnott.
18:06 of 3rd period - Stopped by Marc-Andre Fleury with a rebound.
18:08 of 3rd period - Shot by Kyle Cumiskey.
18:08 of 3rd period - Stopped by Marc-Andre Fleury without a rebound.
18:09 of 3rd period - Jason Arnott wins face-off versus John Tavares in Penguins zone.
18:48 of 3rd period - Shot by Patrick Marleau.
18:48 of 3rd period - Shot Misses the Net.
19:12 of 3rd period - Shot by Patrick Marleau.
19:12 of 3rd period - Shot Misses the Net.
19:22 of 3rd period - Penguins, Marc-Andre Fleury is pulled from the net.
19:31 of 3rd period - Off-side.
19:32 of 3rd period - Evgeni Malkin wins face-off versus Vincent Lecavalier in neutral zone.
19:38 of 3rd period - Icing by Drew Doughty.
19:39 of 3rd period - Vincent Lecavalier wins face-off versus Evgeni Malkin in MapleLeafs zone.
19:39 of 3rd period - Vincent Lecavalier is hit by Evgeni Malkin.


Output by the SimonT Hockey Simulator (STHS) for Stephane Roy -- Original Page W3C XHTML 1.0 Valid